 Dungeon Crawl Stone Soup version 0.29.1-1-gd02db6906a (webtiles) character file.

Game seed: 16121689243421897254

20 sankara the Trooper (level 2, -1/27 HPs)
             Began as a Minotaur Fighter on Oct 15, 2022.
             Slain by Sigmund
             ... wielding a +0 scythe
              (6 damage)
             ... on level 2 of the Dungeon.
             The game lasted 00:01:02 (992 turns).

sankara the Trooper (Minotaur Fighter)               Turns: 992, Time: 00:01:03

Health: -1/27      AC:  7    Str: 20    XL:     2   Next: 58%
Magic:  1/1        EV:  9    Int:  5    God:
Gold:   35         SH:  0    Dex:  9    Spells: 1/1 levels left

rFire   . . .      SeeInvis .   a - +0 war axe
rCold   . . .      Faith    .   c - +0 buckler
rNeg    . . .      Spirit   .   b - +0 scale mail
rPois   .          Reflect  .   (helmet restricted)
rElec   .          Harm     .   (no cloak)
rCorr   .          Rampage  .   (no gloves)
Will    .....                   (no boots)
Stlth   ..........              (no amulet)
HPRegen 0.09/turn               h - ring of flight
MPRegen 0.07/turn               (no ring)

@: confused, lethally poisoned (-1 -> -4), ambrosia-drunk, flying
A: horns 2, retaliatory headbutt
a: no special abilities


You were on level 2 of the Dungeon.
You visited 1 branch of the dungeon, and saw 2 of its levels.

You collected 35 gold pieces.

Inventory:

Hand Weapons
 a - a +0 war axe (weapon)
Missiles
 e - 6 stones (quivered)
Armour
 b - a +0 scale mail (worn)
 c - a +0 buckler (worn)
Jewellery
 h - a ring of flight (left hand)
Scrolls
 g - a scroll of noise {unknown}
 i - a scroll of summoning {unknown}
 j - a scroll of enchant armour {unknown}
 k - a scroll of acquirement {unknown}
 l - a scroll of poison {unknown}
 m - a scroll of amnesia {unknown}
 n - a scroll of identify {unknown}
 p - a scroll of blinking {unknown}
Potions
 d - a potion of might
 f - a potion of ambrosia
 o - a potion of heal wounds {unknown}


   Skills:
 + Level 3.9 Fighting
 * Level 3.1 Axes
 + Level 3.9 Armour
 + Level 3.9 Shields


You had one spell level left.
You didn't know any spells.
Your spell library contained the following spells:

 Spells                   Type           Power      Damage    Failure   Level
 Apportation              Tloc           0%         N/A       89%         1
 Alistair's Intoxication  Tmut/Pois      0%         N/A       100%        5


Dungeon Overview and Level Annotations

Branches:
Dungeon (2/15)

Altars:

Annotations:
D:2 Sigmund


Innate Abilities, Weirdness & Mutations

You have a pair of horns on your head.
You reflexively headbutt those who attack you in melee.


Message History

You are more confused.
The adder bites you but does no damage.
You feel sick.
Found 11 gold pieces.
You feel sick. The bat hits you. The bat hits you but does no damage.
You feel sick. The bat barely misses you.
Sigmund hits you from afar with a +0 scythe!
You bump into the rock wall.
You feel sick.
You are no longer poisoned.
The bat hits you but does no damage. The adder bites you but does no damage.
The bat closely misses you. Sigmund barely misses you.
You're too confused to move!
The bat hits you but does no damage. The bat closely misses you.
The adder closely misses you. Sigmund closely misses you.
The adder bites you but does no damage. The bat hits you but does no damage. x2
The adder bites you but does no damage.
You're too confused to move!
The bat closely misses you.
Sigmund casts a spell.
Sigmund flickers and vanishes!
Deactivating autopickup; reactivate with Ctrl-A.
The adder bites you but does no damage. The bat hits you but does no damage.
The adder barely misses you. Something hits you but does no damage.
You feel less confused. The bat hits you. You block the adder's attack.
Something hits you!
* * * LOW HITPOINT WARNING * * *
The adder bites you.
* * * LOW HITPOINT WARNING * * *
You are lethally poisoned!
The adder poisons you!
It was a potion of ambrosia.
You are confused.
You feel invigorated.
* * * LOW HITPOINT WARNING * * *
You feel sick. The bat closely misses you.
The adder bites you but does no damage.
You're too confused to move!
You feel sick. The bat hits you but does no damage.
The adder bites you but does no damage. Something hits you.
You die...

## .. ### ..
.###.. .#$..
....# .#..#
#.#.##....#.
#<#......#..
#.#.(.......
#....b##$#.#
.######@.{......
........S....#.#
#####.#........#
#........#...#.#
#.####..##.#.#
#..# #.# #... #
#... ....


You could see an adder and a bat.

Vanquished Creatures
  A dart slug (D:1)
  A ball python (D:1)
  4 endoplasms (D:1)
  3 kobolds (D:1)
  A quokka (D:1)
  4 goblins (D:1)
  2 rats (D:1)
16 creatures vanquished.

Notes
Turn   | Place    | Note
-------+----------+-------------------------------------------
     0 | D:1      | sankara the Minotaur Fighter began the quest for the Orb.
     0 | D:1      | Reached XP level 1. HP: 19/19 MP: 0/0
   202 | D:1      | Reached XP level 2. HP: 23/27 MP: 1/1
   978 | D:2      | Noticed Sigmund
   990 | D:2      | HP: 1/27 [adder (2)]
   992 | D:2      | Slain by Sigmund

Illustrated notes

Levels and vault maps discovered:
D:1:      dpeg_arrival_houses_and_road, layout_basic
D:2:      layout_basic, hellmonk_ecumenical_altar_watching_god, serial_shops,
          nicolae_shop_stone, minmay_rat_hole, uniq_sigmund

Skill      XL: |  1  2 |
---------------+-------+-----
Axes           | 3 |  3.1
Fighting       | |  3.9
Armour         | |  3.9
Shields        | |  3.9

Action                   || total
-------------------------++-------
Melee: War axe           ||    31
       Headbutt          ||     4
  Use: Potion            ||     1
Armor: Scale mail        ||    25
Dodge: Dodged            ||    22
Block: Buckler           ||     8
